Match 46181464
Unlisted

Match 46181464
End
Kettenkrad Recon Vehicle
Construct Infanterie Kompanie
Grenadier Squad
MG 42 Machine Gun Team
GrW 34 Mortar Team
Grenadier Squad
MG 42 Machine Gun Team
Construct Luftwaffe Kompanie
Support Elements
Selects Mechanized Battlegroup
Selects Spotting Scopes
Medical Station
Wirbelwind Flakpanzer
Selects Wespe Self-propelled Artillery
Marder III M Tank Destroyer
Kettenkrad Recon Vehicle
Wespe Self-propelled Artillery
Pioneer Squad
Wespe Self-propelled Artillery
Construct Panzergrenadier Kompanie
Pak 40 Anti-tank Gun Team
Selects Raid Package
Selects StuG Assault Group
MG 42 Machine Gun Team
Construct Panzer Kompanie
Selects Zeroing Artillery Barrage
Zeroing Artillery Barrage
Selects Raid Package
Selects StuG Assault Group
Selects UNKNOWN (2160084)
Panther Heavy Tank
Sturmpanzer IV Brummbär
Wespe Self-propelled Artillery
Kettenkrad Recon Vehicle
251 Medium Carrier
Zeroing Artillery Barrage
loki
anioki
Sky Blues
Findus
FallofMan
The Cisco Kid
jack the ripper
Ark
0
0

Comments sign in to comment!

No comments posted yet!